 Dungeon Crawl Stone Soup version 0.31-a0-1-g4198be8af4 (webtiles) character file.

Game seed: 4804523728642067196

382 Kranky the Cruncher (level 6, -3/44 HPs)
             Began as a Gnoll Wanderer on Apr 30, 2023.
             Killed by divine providence
             ... invoked by an orc priest
              (16 damage)
             ... on level 4 of the Dungeon.
             The game lasted 00:06:22 (3418 turns).

Kranky the Cruncher (Gnoll Wanderer)                Turns: 3418, Time: 00:06:22

Health: -3/44      AC:  6    Str: 10    XL:     6   Next: 76%
Magic:  9/9        EV: 12    Int: 13    God:
Gold:   154        SH:  0    Dex: 13    Spells: 9/9 levels left

rFire   . . .        t - +2 dagger (flame)
rCold   . . .        (no shield)
rNeg    . . .        f - +0 ring mail
rPois   .            (no helmet)
rElec   .            c - +0 cloak
rCorr   .            (no gloves)
SInv    .            (no boots)
Will    .....        (no amulet)
Stlth   +            (no ring)
HPRegen 0.27/turn    (no ring)
MPRegen 0.11/turn

%: no passive effects
@: no status effects
A: fangs 1, strong nose, distributed training
a: no special abilities


You were on level 4 of the Dungeon.
You visited 1 branch of the dungeon, and saw 4 of its levels.
You also visited: Sewer.

You collected 154 gold pieces.

Inventory:

Hand Weapons
 a - a +2 quarterstaff
 b - a +0 sling
 t - a +2 dagger of flaming (weapon)
Armour
 c - a +0 cloak (worn)
 e - a +0 robe
 f - a +0 ring mail (worn)
Jewellery
 k - an amulet of reflection
 q - an amulet of magic regeneration
 r - a ring of see invisible
 v - a ring of protection from cold
 x - a ring of protection from fire
Scrolls
 d - 3 scrolls of blinking
 i - 5 scrolls of teleportation
 o - a scroll of identify {unknown}
 p - a scroll of poison {unknown}
 s - a scroll of immolation {unknown}
 u - a scroll of fear {unknown}
Potions
 g - a potion of resistance {unknown}
 h - a potion of curing {unknown}
 j - a potion of lignification {unknown}
 l - a potion of flight {unknown}
 m - 2 potions of mutation {unknown}
 n - 2 potions of haste {unknown}
 w - a potion of heal wounds {unknown}


   Skills:
 + Level 2.2 Fighting
 + Level 2.2 Short Blades
 + Level 2.2 Long Blades
 + Level 2.2 Axes
 + Level 2.2 Maces & Flails
 + Level 2.2 Polearms
 + Level 10.6 Staves
 + Level 3.4 Ranged Weapons
 + Level 2.2 Throwing
 + Level 3.4 Armour
 + Level 6.9 Dodging
 + Level 2.2 Stealth
 + Level 2.2 Shields
 + Level 2.2 Unarmed Combat
 + Level 2.2 Spellcasting
 + Level 1.7 Conjurations
 + Level 1.7 Hexes
 + Level 1.7 Summonings
 + Level 1.7 Necromancy
 + Level 1.7 Translocations
 + Level 1.7 Transmutations
 + Level 1.7 Fire Magic
 + Level 1.7 Ice Magic
 + Level 1.7 Air Magic
 + Level 1.7 Earth Magic
 + Level 1.7 Poison Magic
 + Level 2.4 Invocations
 + Level 2.2 Evocations


You had 9 spell levels left.
You didn't know any spells.
Your spell library contained the following spells:

 Spells                   Type           Power      Damage    Failure   Level
 Poisonous Vapours        Pois/Air       12%        N/A       41%         2
 Mephitic Cloud           Conj/Pois/Air  6%         N/A       65%         3
 Freezing Cloud           Conj/Ice/Air   3%         6-21      100%        5


Dungeon Overview and Level Annotations

Branches:
Dungeon (4/15)              Sewer (visited)
 Temple: D:4-7

Altars:
Fedhas
Wu Jian
Zin

Shops:
D:3 *


Innate Abilities, Weirdness & Mutations

You have very sharp teeth.
Your uncanny sense of smell can sniff out nearby items.
Your experience applies equally to all skills.


Message History

You puncture the endoplasm! You burn the endoplasm.
You kill the endoplasm!
No target in view!
An orc priest comes into view. It is wielding a +1 falchion of pain.
The orc priest shouts!
The orc priest miscasts a cantrip. 2 orcs and an orc priest come into view.
The orc priest is wielding a +2 hand axe of draining.
The orc priest shouts!
You hear a shout!
The orc priest calls down the wrath of Beogh upon you.
Beogh smites you!
An orc comes into view. It is wielding a +0 short sword.
Found an ornate altar of the Wu Jian Council.
The orc shouts!
You hear a shout! x2
The orc priest calls down the wrath of Beogh upon you.
Pain shoots through your body!
You hit the orc but do no damage. Your bite misses the orc.
The orc priest invokes the aid of Beogh against you.
Beogh smites you! The orc hits you but does no damage.
The orc attacks as you move away! The orc hits you with a +0 club.
* * * LOW HITPOINT WARNING * * *
You are too injured to fight recklessly!
You are too injured to fight recklessly!
You closely miss the orc.
You are too injured to fight recklessly!
The orc attacks as you move away! The orc barely misses you.
The orc attacks as you move away! The orc hits you with a +0 club.
* * * LOW HITPOINT WARNING * * *
The orc attacks as you move away! The orc hits you but does no damage.
You hit the orc. You burn the orc. You bite the orc.
The orc is moderately wounded.
The orc attacks as you move away! The orc closely misses you.
The orc attacks as you move away! The orc closely misses you.
The orc attacks as you move away! The orc hits you with a +0 club.
* * * LOW HITPOINT WARNING * * *
The orc attacks as you move away! The orc completely misses you.
The orc attacks as you move away! The orc misses you.
The orc priest invokes the aid of Beogh against you.
Beogh smites you!
You die...

......###### ...........# ..
#.≈.≈≈≈ ......####.# #....≈....
.....†####.# #....≈.≈..
.........#.# #....≈.≈._
.....†##.#.# #o#..≈.≈..
......##.#.# #o#..≈....
......##.#.#############.#.o≈.≈≈≈
......##.#......@.oo.oo#..o......
####.###.#############o#o###.####
... #.....#########.#...# ....
#####........##o###.# ....
#........##.o..o# ....
#........########
#...............
##.......P...#### ##.#
#######...PP.... ....


You could see 2 orc priests and 3 orcs.

Vanquished Creatures
  Pargi (Sewer)
  A black bear (D:4)
  A hound (D:3)
  Natasha (thrice) (D:2)
  2 adders (D:2)
  A river rat (D:4)
  2 worms (D:2)
  A dart slug (D:3)
  4 bats
  3 endoplasms
  5 giant cockroaches
  8 hobgoblins
  3 jackals
  10 kobolds
  5 quokkas
  8 ball pythons
  3 frilled lizards
  5 goblins
  5 rats
71 creatures vanquished.

Vanquished Creatures (others)
  5 fungi (D:4)
  3 plants (D:4)
8 creatures vanquished.

Grand Total: 79 creatures vanquished

Notes
Turn   | Place    | Note
-------+----------+-------------------------------------------
     0 | D:1      | Reached skill level 10 in Staves
     0 | D:1      | Kranky the Gnoll Wanderer began the quest for the Orb.
     0 | D:1      | Kranky set off with the following items: a +2 quarterstaff,
                  | a +0 sling, a +0 cloak, a scroll of blinking, a +0 robe.
     0 | D:1      | Reached XP level 1. HP: 13/13 MP: 1/1
   300 | D:1      | Reached XP level 2. HP: 19/19 MP: 2/2
   360 | D:1      | You fall into a shaft and drop 1 floor!
   540 | D:2      | Noticed Natasha
   547 | D:2      | Killed Natasha
   548 | D:2      | Reached skill level 1 in Invocations
   548 | D:2      | Reached XP level 3. HP: 14/25 MP: 2/4
   664 | D:1      | Reached skill level 1 in Fighting
   664 | D:1      | Reached skill level 1 in Short Blades
   664 | D:1      | Reached skill level 1 in Long Blades
   664 | D:1      | Reached skill level 1 in Axes
   664 | D:1      | Reached skill level 1 in Maces & Flails
   664 | D:1      | Reached skill level 1 in Polearms
   664 | D:1      | Reached skill level 1 in Throwing
   664 | D:1      | Reached skill level 1 in Stealth
   664 | D:1      | Reached skill level 1 in Shields
   664 | D:1      | Reached skill level 1 in Unarmed Combat
   664 | D:1      | Reached skill level 1 in Spellcasting
   664 | D:1      | Reached skill level 1 in Evocations
  1017 | D:2      | Reached XP level 4. HP: 32/32 MP: 5/5
  1219 | D:2      | Noticed Natasha
  1224 | D:2      | Killed Natasha
  1225 | D:2      | Reached skill level 1 in Conjurations
  1225 | D:2      | Reached skill level 1 in Hexes
  1225 | D:2      | Reached skill level 1 in Summonings
  1225 | D:2      | Reached skill level 1 in Necromancy
  1225 | D:2      | Reached skill level 1 in Translocations
  1225 | D:2      | Reached skill level 1 in Transmutations
  1225 | D:2      | Reached skill level 1 in Fire Magic
  1225 | D:2      | Reached skill level 1 in Ice Magic
  1225 | D:2      | Reached skill level 1 in Air Magic
  1225 | D:2      | Reached skill level 1 in Earth Magic
  1225 | D:2      | Reached skill level 1 in Poison Magic
  1465 | D:2      | Noticed Natasha
  1474 | D:2      | Killed Natasha
  1475 | D:2      | Reached XP level 5. HP: 10/37 MP: 5/7
  1793 | D:3      | Found Zin's Purification Station.
  1794 | D:3      | Found a glowing silver altar of Zin.
  2213 | D:3      | Found a faded altar of an unknown god.
  2797 | D:4      | Noticed an ogre
  2925 | D:4      | Found a glowing drain.
  2939 | Sewer    | Entered a sewer
  3055 | Sewer    | Noticed Pargi
  3068 | Sewer    | Killed Pargi
  3069 | Sewer    | Reached XP level 6. HP: 20/44 MP: 7/9
  3230 | D:4      | Found a blossoming altar of Fedhas.
  3273 | D:4      | Noticed a black bear
  3286 | D:4      | Killed a black bear
  3400 | D:4      | Found an ornate altar of the Wu Jian Council.
  3418 | D:4      | Killed from afar by an orc priest

Illustrated notes

Levels and vault maps discovered:
D:1:      ncdulo_halloftheorcs, layout_loops_cross, st_stairs_2,
          kennysheep_minor_cross
D:2:      layout_basic, uniq_natasha
D:3:      layout_basic, zin_purify, chequers_ecumenical_altar_twisty
D:4:      layout_basic, mainiacjoe_overflow_cross_hatched, fedhas_altar_3,
          gup_sewer_entry_bubbles, uniq_robin

Skill      XL: |  1  2  3  4  5 |
---------------+----------------+-----
Staves         | | 10.6
Invocations    | 1 2 |  2.4
Fighting       | 1 2 |  2.2
Short Blades   | 1 2 |  2.2
Long Blades    | 1 2 |  2.2
Axes           | 1 2 |  2.2
Maces & Flails | 1 2 |  2.2
Polearms       | 1 2 |  2.2
Throwing       | 1 2 |  2.2
Stealth        | 1 2 |  2.2
Shields        | 1 2 |  2.2
Unarmed Combat | 1 2 |  2.2
Spellcasting   | 1 2 |  2.2
Evocations     | 1 2 |  2.2
Conjurations   | 1 |  1.7
Hexes          | 1 |  1.7
Summonings     | 1 |  1.7
Necromancy     | 1 |  1.7
Translocations | 1 |  1.7
Transmutations | 1 |  1.7
Fire Magic     | 1 |  1.7
Ice Magic      | 1 |  1.7
Air Magic      | 1 |  1.7
Earth Magic    | 1 |  1.7
Poison Magic   | 1 |  1.7
Ranged Weapons | 3 |  3.4
Armour         | 3 |  3.4
Dodging        | |  6.9

Action                     |  1- 3 |  4- 6 || total
---------------------------+-------+-------++-------
  Melee: Quarterstaff      |    81 |    48 ||   129
         Bite              |    12 |    10 ||    22
         Dagger            |       |   125 ||   125
         Punch             |       |     1 ||     1
    Use: Scroll            |       |     1 ||     1
   Stab: Sleeping          |       |     2 ||     2
 Armour: Ring mail         |    19 |    55 ||    74
  Dodge: Dodged            |    42 |   101 ||   143

Table legend: (Time is in decaauts)
 A = Elapsed time spent in this place.
 B = Non-inter-level travel time spent in this place.
 C = Inter-level travel time spent in this place.
 D = Time resting spent in this place.
 E = Time spent auto-exploring this place.
 F = Levels seen in this place.
 G = Mean time per level.
                   A        B        C        D        E       F      G
               +--------+--------+--------+--------+--------+-----+--------+
         Total |   3405 |   3190 |    215 |    437 |   2072 |   5 |  681.0 |
       Dungeon |   3178 |   2963 |    215 |    350 |   1990 |   4 |  794.5 |
         Sewer |    227 |    227 |      0 |     87 |     82 |   1 |  227.0 |
               +--------+--------+--------+--------+--------+-----+--------+

Top non-repeatable levels by time:
     D:3: 1053 daAuts
     D:2: 1011 daAuts
     D:1: 699 daAuts
     D:4: 413 daAuts
   Sewer: 227 daAuts
